 Dungeon Crawl Stone Soup version 0.29-a0-72-g1732ff48e7 (webtiles) character file.

Game seed: 13103302728531436513

98 HallandMoats the Skirmisher (level 4, 0/33 HPs)
             Began as an Octopode Monk on Feb 4, 2022.
             Was a Priest of Nemelex Xobeh.
             Slain by an orc wizard (2 damage)
             ... on level 3 of the Dungeon.
             The game lasted 00:04:07 (1947 turns).

HallandMoats the Skirmisher (Octopode Monk)         Turns: 1947, Time: 00:04:07

Health: 0/33       AC:  1    Str: 10 (12) XL:     4   Next: 71%
Magic:  5/5        EV: 14    Int: 10 (12) God:    Nemelex Xobeh [***...]
Gold:   137        SH:  0    Dex: 14      Spells: 3/3 levels left

rFire   . . .      SeeInvis .     - Unarmed
rCold   . . .      Faith    .   (no shield)
rNeg    . . .      Spirit   .   (helmet restricted)
rPois   .          Reflect  .   i - amulet of the acrobat
rElec   .          Harm     .   (no ring)
rCorr   .          Rampage  .   (no ring)
Will    .....                   (no ring)
Stlth   +++.......              (no ring)
HPRegen 0.11/turn               (no ring)
MPRegen 0.09/turn               (no ring)
                                (no ring)
                                (no ring)

@: no status effects
A: almost no armour, amphibious, 8 rings, camouflage 1, gelatinous body 1,
(nimble swimmer 1), tentacles
a: Renounce Religion, Draw Escape, Draw Destruction, Draw Summoning, Triple Draw


You were on level 3 of the Dungeon.
You worshipped Nemelex Xobeh.
Nemelex Xobeh was most pleased with you.
You visited 1 branch of the dungeon, and saw 3 of its levels.

You collected 137 gold pieces.

Inventory:

Jewellery
 i - an amulet of the acrobat (around mantle)
Scrolls
 b - 2 scrolls of identify {unknown}
 c - a scroll of blinking {unknown}
 d - 2 scrolls of immolation {unknown}
 g - a scroll of torment {unknown}
 h - a scroll of teleportation {unknown}
Potions
 a - a potion of magic {unknown}
 e - 2 potions of flight {unknown}


   Skills:
 * Level 3.9 Fighting
 + Level 3.3 Dodging
 - Level 2.6 Stealth
 * Level 3.7 Unarmed Combat
 * Level 2.0 Invocations


You had 3 spell levels left.
You didn't know any spells.
Your spell library contained the following spells:

 Spells                   Type           Power      Damage    Failure   Level
 Gell's Gravitas          Tloc           0%         N/A       75%         3
 Lesser Beckoning         Tloc           0%         N/A       75%         3
 Teleport Other           Tloc           0%         N/A       75%         3


Dungeon Overview and Level Annotations

Branches:
Dungeon (3/15)

Altars:
Nemelex Xobeh
Vehumet

Shops:
D:1 *


Innate Abilities, Weirdness & Mutations

You cannot wear most types of armour.
You are amphibious.
You can wear up to eight rings at the same time.
Your skin changes colour to match your surroundings (Stealth+).
Your rubbery body absorbs attacks. (AC +1, EV +1)
((You are camouflaged when in or above water. (Stealth+)))
You have tentacles for arms and can constrict up to eight enemies at once.


Message History

The orc dies!
Your -1 trident of Darkness {speed, rElec} barely misses the orc.
The orc completely misses you.
The orc wizard mumbles some strange words.
The orc wizard flickers and vanishes!
Deactivating autopickup; reactivate with Ctrl-A.
The orc hits you with a +0 flail!
Your -1 trident of Darkness {speed, rElec} hits the orc.
The orc completely misses you.
Your -1 trident of Darkness {speed, rElec} hits the orc!
The orc dies!
The goblin hits your -1 trident of Darkness {speed, rElec} with a +0 club.
You feel your dexterity returning.
Your Invocations skill increases to level 2!
Your -1 trident of Darkness {speed, rElec} closely misses the goblin.
The goblin hits your -1 trident of Darkness {speed, rElec} with a +0 club.
You closely miss the orc. You grab the orc. You constrict the orc.
The orc struggles to escape constriction.
Your -1 trident of Darkness {speed, rElec} hits the goblin.
The goblin dies!
You tentacle-slap the orc. You squeeze the orc, but do no damage.
The orc is heavily wounded.
You constrict the orc. The orc closely misses you.
Your -1 trident of Darkness {speed, rElec} hits the orc from afar!
The orc dies!
The orc closely misses you.
You hear some strange, mumbled words.
A puff of flame appears from out of thin air!
The puff of flame hits you!
You tentacle-slap the orc.
You kill the orc!
You miss something. Something hits you.
You closely miss something. Your squeeze misses something. Something hits you.
You closely miss something. Something hits you.
* * * LOW HITPOINT WARNING * * *
You closely miss something. Your squeeze misses something. Something hits you.
* * * LOW HITPOINT WARNING * * *
You closely miss something. Something hits you.
You die...
Your body glows slightly and disappears.

#...... #..:..#
#.....# #.....#
#.....# .#
#######..).. .#
#.........# #.#
#........)#####.#
#........?.(@...#
#.........){)...#
#...............#
#?..............###
#.........#.......#
###########.......#
#.......#
#.......###########
#.......)).รท)!.)...


You could see a friendly -1 trident of Darkness {speed, rElec} (summoned).

Vanquished Creatures
  Robin (D:3)
  An adder (D:3)
  A gnoll (D:1)
  An orc (D:3)
  3 endoplasms (D:2)
  A giant cockroach (D:1)
  9 goblins
  3 hobgoblins
  4 jackals (D:2)
  4 kobolds
  A quokka (D:1)
  3 ball pythons
  5 bats
  3 frilled lizards
  A rat (D:3)
41 creatures vanquished.

Vanquished Creatures (collateral kills)
  3 orcs (D:3)
  9 goblins
  3 hobgoblins
  2 ball pythons
17 creatures vanquished.

Grand Total: 58 creatures vanquished

Notes
Turn   | Place    | Note
-------+----------+-------------------------------------------
     0 | D:1      | HallandMoats the Octopode Monk began the quest for the Orb.
     0 | D:1      | Reached XP level 1. HP: 16/16 MP: 1/1
    62 | D:1      | Found Sagyumen's General Store.
   228 | D:1      | Found a faded altar of an unknown god.
   239 | D:1      | Prayed at the altar of an unknown god.
   239 | D:1      | Became a worshipper of Nemelex Xobeh the Trickster
   239 | D:1      | Reached * piety under Nemelex Xobeh
   239 | D:1      | Received a gift from Nemelex Xobeh
   239 | D:1      | Reached ** piety under Nemelex Xobeh
   308 | D:1      | Received a gift from Nemelex Xobeh
   309 | D:1      | Reached *** piety under Nemelex Xobeh
   363 | D:1      | Reached XP level 2. HP: 21/21 MP: 2/2
   798 | D:2      | Found a radiant altar of Vehumet.
   825 | D:2      | Reached XP level 3. HP: 21/26 MP: 3/3
   909 | D:2      | Reached skill level 1 in Invocations
  1301 | D:2      | Received a gift from Nemelex Xobeh
  1640 | D:3      | Reached XP level 4. HP: 32/32 MP: 5/5
  1663 | D:3      | Noticed Robin
  1703 | D:3      | Killed Robin
  1928 | D:3      | Identified the -1 trident of Darkness {speed, rElec}
  1947 | D:3      | Slain by an orc wizard

Illustrated notes

Levels and vault maps discovered:
D:1:      minmay_arrival_wavy_path, layout_basic, serial_shops, shop,
          hellmonk_ecumenical_altar_heavens_door
D:2:      layout_basic, basic_altar
D:3:      layout_basic, trog_hazing_becter, uniq_jessica, uniq_robin

Skill      XL: |  1  2  3  4 |
---------------+-------------+-----
Invocations    | 1 2 |  2.0
Fighting       | |  3.9
Dodging        | |  3.3
Stealth        | |  2.6
Unarmed Combat | |  3.7

Action                   |  1- 3 |  4- 6 || total
-------------------------+-------+-------++-------
Melee: Unarmed           |    65 |    19 ||    84
       Constrict         |    13 |     3 ||    16
       Tentacles         |     9 |     2 ||    11
       Punch             |     2 |       ||     2
Invok: Draw Destruction  |     2 |       ||     2
       Draw Summoning    |     1 |     3 ||     4
  Use: Potion            |       |     2 ||     2
 Stab: Sleeping          |     8 |       ||     8
Armor: Skin              |     4 |     2 ||     6
Dodge: Dodged            |    49 |     9 ||    58

Table legend: (Time is in decaauts)
 A = Elapsed time spent in this place.
 B = Non-inter-level travel time spent in this place.
 C = Inter-level travel time spent in this place.
 D = Time resting spent in this place.
 E = Time spent auto-exploring this place.
 F = Levels seen in this place.
 G = Mean time per level.
                   A        B        C        D        E       F      G
               +--------+--------+--------+--------+--------+-----+--------+
         Total |   1937 |   1888 |     49 |    244 |   1290 |   3 |  645.7 |
       Dungeon |   1937 |   1888 |     49 |    244 |   1290 |   3 |  645.7 |
               +--------+--------+--------+--------+--------+-----+--------+

Top non-repeatable levels by time:
     D:2: 830 daAuts
     D:1: 742 daAuts
     D:3: 364 daAuts
